 Dungeon Crawl Stone Soup version 0.30-a0-878-gc727b3d3d6 (webtiles) character file.

Game seed: 14560363859029884153

552 Morbidden the Conjurer (level 7, -1/49 HPs)
             Began as a Barachi Conjurer on Mar 12, 2023.
             Succumbed to Dowan's poison
             ... on level 4 of the Dungeon.
             The game lasted 00:08:11 (4434 turns).

Morbidden the Conjurer (Barachi Conjurer)           Turns: 4434, Time: 00:08:11

Health: -1/49      AC:  3    Str:  8    XL:     7   Next: 29%
Magic:  3/13       EV: 12    Int: 26    God:
Gold:   614        SH:  0    Dex: 11    Spells: 7/14 levels left

rFire   . . .      SeeInvis +    a - +0 dagger (drain)
rCold   . . .      Faith    .    (no shield)
rNeg    . . .      Spirit   .    l - +0 robe
rPois   .          Reflect  .    (no helmet)
rElec   .          Rampage  .    u - scarf {harm}
rCorr   .          Harm     + .  (no gloves)
Will    .....                    j - +0 pair of boots
Stlth   +                        (no amulet)
HPRegen 0.28/turn                f - +6 ring of intelligence
MPRegen 0.13/turn                e - ring of see invisible

@: brilliant, lethally poisoned (-1 -> -25), silenced, flying, slow
A: amphibious, slowness 1, strong legs 1, +LOS
a: Hop


You were on level 4 of the Dungeon.
You visited 1 branch of the dungeon, and saw 4 of its levels.
You also visited: Ossuary.

You collected 614 gold pieces.

Inventory:

Hand Weapons
 a - a +0 dagger of draining (weapon)
 d - a +0 scimitar
 g - the +9 staff of Wucad Mu {*channel}
   (You acquired it on level 4 of the Dungeon)

   *Channel:  It occasionally powers its wielder's spells, but with a chance of
   causing confusion or draining the wielder's intelligence.
   It becomes more likely to activate and less likely to backfire with increased
   Evocations skill.
Missiles
 p - a throwing net
Armour
 j - a +0 pair of boots (worn)
 l - a +0 robe (worn)
 u - a scarf of harm (worn)
Jewellery
 e - a ring of see invisible (right hand)
 f - a +6 ring of intelligence (left hand)
Scrolls
 i - 2 scrolls of amnesia
 k - 2 scrolls of identify
 o - 2 scrolls of enchant weapon
 s - a scroll of immolation
Potions
 b - a potion of magic
 h - a potion of brilliance
 m - a potion of ambrosia {unknown}
 r - 2 potions of mutation {unknown}


   Skills:
 * Level 1.8 Fighting
 * Level 1.7(1.9) Short Blades
 * Level 1.1(1.7) Long Blades
 * Level 2.6 Armour
 * Level 3.2 Dodging
 + Level 2.0 Stealth
 * Level 4.3 Spellcasting
 * Level 6.2 Conjurations
 * Level 2.1 Translocations


You had 7 spell levels left.
You knew the following spells:

 Your Spells              Type           Power      Damage    Failure   Level
a - Magic Dart            Conj           100%       1d8       1%          1
b - Searing Ray           Conj           100%       2d8       1%          2
z - Iskenderun's Mystic   Conj/Tloc      41%        2d9       14%         4

Your spell library contained the following spells:

 Spells                   Type           Power      Damage    Failure   Level
 Dazzling Flash           Conj/Hex       64%        N/A       7%          3
 Beastly Appendage        Tmut           16%        N/A       9%          1
 Wereblood                Tmut           8%         N/A       13%         2
 Fulminant Prism          Conj/Hex       16%        3d10      22%         4
 Spider Form              Tmut/Pois      8%         N/A       26%         3
 Malign Gateway           Summ/Tloc      8%         N/A       100%        7
 Summon Horrible Things   Summ           4%         N/A       100%        8


Dungeon Overview and Level Annotations

Branches:
Dungeon (4/15)            Ossuary (visited)
 Temple: D:4-7

Altars:

Shops:
D:2 (

Annotations:
D:4 Dowan


Innate Abilities, Weirdness & Mutations

You are amphibious.
You cover ground slowly.
You can hop short distances.
You have an extended range of vision and can be seen from far away.


Message History

It is a scroll of identify.
o - 2 scrolls of enchant weapon Unknown command.
As you read the scroll labelled PEURIT NAZEEPP, it crumbles to dust.
The air around you briefly surges with heat, but it dissipates.
It was a scroll of immolation.
Unknown command.
Okay, then.
As you read the scroll labelled TIFIGGOPE, it crumbles to dust.
You hear a loud clanging noise!
It was a scroll of noise.
Dowan hits you with a +0 dagger of venom.
Unknown command.
Okay, then.
This is a scroll of acquirement!
Something appears at your feet! Dowan closely misses you.
g - the +9 staff of Wucad Mu {*channel} Dowan hits you with a +0 dagger of venom.
You are poisoned.
Dowan casts a spell at you. The shard of ice misses you.
As you read the scroll labelled NANEIG JUYNNAD, it crumbles to dust.
A profound silence engulfs you.
It was a scroll of silence.
You feel very sick.
Dowan hits you with a +0 dagger of venom.
You are lethally poisoned!
Unknown command.
Unknown command.
It was a potion of brilliance.
You feel clever all of a sudden.
* * * LOW HITPOINT WARNING * * *
You feel very sick. Dowan misses you.
Dowan hits you with a +0 dagger of venom!
* * * LOW HITPOINT WARNING * * *
You are more poisoned.
It was a potion of flight.
You feel very buoyant.
You fly up into the air.
You die...

.# #.### ###.## .####.#
#..# ......# ##.# .######
#.# .....# #.##
'#.#.##########..#
##............##.#########
###.#########............#
# #.........####@e.#####.#
# #########. ###.# # #.###
# #...# # # ###.# .# #.##
..# #..# ..# ##e## ..#
..#####..#..#


You could see Dowan (fast).

Vanquished Creatures
  Duvessa (D:4)
  2 elf zombies (Ossuary)
  A centaur zombie (Ossuary)
  A hound (D:4)
  2 mummies (Ossuary)
  4 adders
  7 gnolls
  3 worms (D:3)
  A dart slug (D:2)
  An orc (D:3)
  8 ball pythons
  11 endoplasms
  6 giant cockroaches
  4 gnoll zombies (Ossuary)
  10 goblins
  6 hobgoblins
  6 jackals (D:1)
  8 bats
  7 frilled lizards
  3 goblin zombies (Ossuary)
  13 kobolds
  4 orc zombies (Ossuary)
  6 rats
115 creatures vanquished.

Notes
Turn   | Place    | Note
-------+----------+-------------------------------------------
     0 | D:1      | Morbidden the Barachi Conjurer began the quest for the Orb.
     0 | D:1      | Reached XP level 1. HP: 13/13 MP: 3/3
   159 | D:1      | Reached XP level 2. HP: 19/19 MP: 0/5
   512 | D:1      | Learned a level 2 spell: Searing Ray
   587 | D:1      | Reached XP level 3. HP: 24/24 MP: 3/6
   589 | D:1      | Reached skill level 1 in Armour
   753 | D:1      | Reached skill level 5 in Conjurations
  1343 | D:2      | Reached XP level 4. HP: 31/31 MP: 4/8
  1348 | D:2      | Learned a level 4 spell: Iskenderun's Mystic Blast
  1437 | D:2      | Found Cetesurph's Weapon Boutique.
  2178 | D:2      | Found a faded altar of an unknown god.
  2329 | D:3      | Reached XP level 5. HP: 36/36 MP: 4/9
  2331 | D:3      | Reached skill level 1 in Fighting
  2840 | D:3      | Reached skill level 1 in Short Blades
  2898 | D:3      | Reached skill level 1 in Translocations
  3406 | D:4      | Reached XP level 6. HP: 38/43 MP: 6/11
  3489 | D:4      | Found a sand-covered staircase.
  3507 | Ossuary  | Entered an ossuary
  3703 | Ossuary  | Reached skill level 6 in Conjurations
  4095 | Ossuary  | Reached XP level 7. HP: 23/48 MP: 2/13
  4399 | D:4      | Noticed Duvessa
  4413 | D:4      | Killed Duvessa
  4414 | D:4      | Reached skill level 1 in Long Blades
  4417 | D:4      | Noticed Dowan
  4430 | D:4      | Identified a scroll of acquirement
  4430 | D:4      | Acquired the +9 staff of Wucad Mu {*channel}
  4430 | D:4      | Found the +9 staff of Wucad Mu {*channel}
  4434 | D:4      | Succumbed to Dowan's poison

Illustrated notes

Levels and vault maps discovered:
D:1:      shiori_arrival_maze, layout_rooms
D:2:      layout_basic, shapermc_ecumenical_altar_venn, serial_shops, shop,
          minmay_divided_ellipse
D:3:      layout_basic, minmay_surrounded
D:4:      layout_rooms, nicolae_ossuary_entry_false_entrances,
          due_unseen_surprise, uniq_duvessa

Skill      XL: |  1  2  3  4  5  6  7 |
---------------+----------------------+-----
Armour         | 1 2 |  2.6
Conjurations   | 5 6 |  6.2
Spellcasting   | 3 4 |  4.3
Fighting       | 1 |  1.8
Short Blades   | 1 |  1.7
Translocations | 1 2 |  2.1
Dodging        | 3 |  3.2
Stealth        | 2 |  2.0
Long Blades    | 1 |  1.1

Action                     |  1- 3 |  4- 6 |  7- 9 || total
---------------------------+-------+-------+-------++-------
  Melee: Unarmed           |     8 |       |       ||     8
         Short sword       |    18 |       |       ||    18
         Dagger            |    18 |    31 |       ||    49
   Cast: Magic Dart        |    59 |   116 |     6 ||   181
         Searing Ray       |     4 |    13 |     2 ||    19
Ability: Hop               |     1 |     1 |       ||     2
    Use: Scroll            |       |     2 |     6 ||     8
         Potion            |       |       |     2 ||     2
 Armour: Robe              |     4 |    14 |       ||    18
  Dodge: Dodged            |    33 |    25 |     6 ||    64

Table legend: (Time is in decaauts)
 A = Elapsed time spent in this place.
 B = Non-inter-level travel time spent in this place.
 C = Inter-level travel time spent in this place.
 D = Time resting spent in this place.
 E = Time spent auto-exploring this place.
 F = Levels seen in this place.
 G = Mean time per level.
                   A        B        C        D        E       F      G
               +--------+--------+--------+--------+--------+-----+--------+
         Total |   4843 |   4725 |    118 |    420 |   3440 |   5 |  968.6 |
       Dungeon |   4051 |   3933 |    118 |    229 |   3056 |   4 | 1012.8 |
       Ossuary |    792 |    792 |      0 |    191 |    383 |   1 |  792.0 |
               +--------+--------+--------+--------+--------+-----+--------+

Top non-repeatable levels by time:
     D:2: 1360 daAuts
     D:1: 1243 daAuts
     D:3: 1127 daAuts
 Ossuary: 792 daAuts
     D:4: 320 daAuts
